 Dungeon Crawl Stone Soup version 0.22-a0-618-gd6a3efe (webtiles) character file.

119 sking99 the Ruffian (level 5, -1/53 HPs)
             Began as an Ogre Transmuter on July 13, 2018.
             Killed from afar by an orc wizard (8 damage)
             ... with a puff of frost
             ... on level 2 of the Dungeon.
             The game lasted 00:03:22 (2258 turns).

sking99 the Ruffian (Ogre Transmuter)               Turns: 2258, Time: 00:03:23

Health: -1/53      AC:  3    Str: 14    XL:     5   Next: 3%
Magic:  4/8        EV: 10    Int: 14    God:
Gold:   82         SH:  0    Dex: 10    Spells: 2/8 levels left

rFire    . . .     SeeInvis .     - Unarmed
rCold    . . .     Gourm    .   (no shield)
rNeg     . . .     Faith    .   b - +0 robe
rPois    .         Spirit   .   (helmet restricted)
rElec    .         Reflect  .   (no cloak)
rCorr    .         Harm     .   (gloves unavailable)
MR       .....                  (boots unavailable)
Stlth    +.........             (no amulet)
HPRegen  0.17/turn              (no ring)
MPRegen  0.11/turn              (no ring)

@: very slightly contaminated
A: large, unfitting armour, tough skin 1
a: no special abilities


You were on level 2 of the Dungeon.
You were hungry.

You visited 1 branch of the dungeon, and saw 2 of its levels.

You collected 82 gold pieces.

Inventory:

Missiles
 a - 36 arrows
Armour
 b - a +0 robe (worn)
Scrolls
 e - 2 scrolls of identify {unknown}
 g - 3 scrolls of teleportation {unknown}
Potions
 c - a potion of curing {unknown}
 f - 2 potions of invisibility {unknown}
 i - a potion of lignification {unknown}
 j - a potion of mutation {unknown}
Comestibles
 d - 3 rations
 h - a chunk of flesh


   Skills:
 - Level 3.0 Fighting
 - Level 1.7 Dodging
 * Level 4.1 Unarmed Combat
 - Level 2.4 Spellcasting
 + Level 2.3 Transmutations
 - Level 1.1 Poison Magic


You had 2 spell levels left.
You knew the following spells:

 Your Spells              Type           Power        Failure   Level  Hunger
a - Beastly Appendage     Tmut           #.....       9%          1    #......
b - Sticks to Snakes      Tmut           #.......     14%         2    ###....
c - Spider Form           Tmut/Pois      #.........   34%         3    ###....

Your spell library contained the following spells:

 Spells                   Type           Power        Failure   Level  Hunger
 Blade Hands              Tmut           #.........   94%         5    ######.
 Ice Form                 Ice/Tmut       #.......     80%         4    #####..


Dungeon Overview and Level Annotations

Branches:
Dungeon (2/15)

Altars:
Hepliaklqana


Innate Abilities, Weirdness & Mutations

You are too large for most types of armour.
You have tough skin. (AC +1)


Message History

The orc wizard hits you with a dagger.
* * * LOW HITPOINT WARNING * * *
You hit the orc wizard but do no damage.
The orc wizard is heavily wounded.
You feel sick. The orc wizard hits you with a dagger.
* * * LOW HITPOINT WARNING * * *
You feel sick.
The orc wizard miscasts a cantrip.
You feel sick.
The orc wizard looks satisfied for a moment.
You feel sick.
You feel sick.
The orc wizard gestures wildly while chanting.
The orc wizard seems to speed up.
The orc wizard looks satisfied for a moment.
You feel sick.
You are no longer poisoned.
The orc wizard gestures at you while chanting.
The puff of frost hits you!
You die...

#### ##.##.##.
.....#######.#.#.#.. ..
#........###..... ###.
####.####.#.#..## . #...##
#.# ##.##..# #.#....# #.#
#.##..# #...#..#
#.#####.##..## .....#
########.....#.......
#..######...@...####).###..##
##....oo...#####.#
##++###.... ####...########
#.###....###.## .....#...#
#รท##......##)# ####...#.#
#.#..##.#..#.## #####o##.##
#.'..#.#...+.## ......#...###
#.'...#.#..+.## ###.........#
#.#..#.##..#.## #...###...#.#
#.##......##.##


You could see an orc wizard and an orc.

Vanquished Creatures
  An orc wizard (D:2)
  5 adders
  An ooze (D:1)
  2 dart slugs (D:2)
  A leopard gecko (D:2)
  An orc (D:2)
  A ball python (D:2)
  A giant cockroach (D:1)
  7 goblins
  6 hobgoblins
  9 bats
  4 frilled lizards
  A kobold (D:1)
  4 rats
44 creatures vanquished.

Notes
Turn   | Place    | Note
-------+----------+-------------------------------------------
     0 | D:1      | sking99 the Ogre Transmuter began the quest for the Orb.
     0 | D:1      | Reached XP level 1. HP: 19/19 MP: 3/3
   301 | D:1      | Reached skill level 3 in Unarmed Combat
   324 | D:1      | Reached XP level 2. HP: 21/28 MP: 5/5
  1281 | D:1      | Learned a level 2 spell: Sticks to Snakes
  1291 | D:1      | Reached XP level 3. HP: 36/36 MP: 3/6
  1330 | D:2      | Learned a level 3 spell: Spider Form
  1941 | D:2      | Reached XP level 4. HP: 41/44 MP: 7/7
  2198 | D:2      | Found a hazy altar of Hepliaklqana.
  2234 | D:2      | Reached skill level 4 in Unarmed Combat
  2234 | D:2      | Reached skill level 1 in Poison Magic
  2234 | D:2      | Reached XP level 5. HP: 19/53 MP: 5/8
  2258 | D:2      | Killed from afar by an orc wizard

Vault maps used:
D:1:      lightli_arrival_windingriver
D:2:      old_standard_altar, nicolae_qazlal_eye_of_the_storm,
          kennysheep_generic_room_3

Skill      XL: |  1  2  3  4 |
---------------+-------------+-----
Unarmed Combat | 3 4 |  4.1
Fighting       | 2 3 |  3.0
Transmutations | 2 |  2.3
Poison Magic   | 1 |  1.1
Dodging        | |  1.7
Spellcasting   | |  2.4

Action                   |  1- 3 |  4- 6 || total
-------------------------+-------+-------++-------
Melee: Unarmed           |   113 |    66 ||   179
       Headbutt          |     2 |     4 ||     6
       Punch             |     1 |     1 ||     2
 Cast: Sticks to Snakes  |     1 |       ||     1
       Beastly Appendage |     2 |     2 ||     4
       Spider Form       |       |     1 ||     1
  Eat: Chunk             |     3 |     1 ||     4
Armor: Robe              |    26 |    17 ||    43
       Skin              |       |     1 ||     1
Dodge: Dodged            |    58 |    36 ||    94

Table legend:
 A = Spawn XP
 B = Non-spawn XP
 C = Spawn XP percentage of total XP
 D = Spawn monster count
 E = Non-spawn monster count
 F = Spawn count percentage of total count
 G = Total turns spent on level
                    A         B        C        D         E        F      G
               +---------+---------+-------+---------+---------+-------+---------
         Total |       0 |     171 |   0.0 |       0 |      44 |   0.0 |  2258
               +---------+---------+-------+---------+---------+-------+---------
           D:1 |       0 |      42 |   0.0 |       0 |      17 |   0.0 |  1470
           D:2 |       0 |     129 |   0.0 |       0 |      27 |   0.0 |   788
               +---------+---------+-------+---------+---------+-------+---------
